 Dungeon Crawl Stone Soup version 0.26-a0-542-gbaa144ba5c (webtiles) character file.

Game seed: 18352037550443745007

100 MrRokkomies the Stinger (level 4, -3/25 HPs)
             Began as a Tengu Venom Mage on Aug 18, 2020.
             Was an Initiate of Sif Muna.
             Slain by an orc
             ... wielding a +1 mace of protection
              (9 damage)
             ... on level 3 of the Dungeon.
             The game lasted 00:04:53 (2949 turns).

MrRokkomies the Stinger (Tengu Venom Mage)          Turns: 2949, Time: 00:04:53

Health: -3/25      AC:  2    Str:  9    XL:     4   Next: 74%
Magic:  0/8        EV: 13    Int: 16    God:    Sif Muna [......]
Gold:   51         SH:  0    Dex: 14    Spells: 2/8 levels left

rFire    . . .     SeeInvis .   a - +4 dagger
rCold    . . .     Faith    .   (no shield)
rNeg     . . .     Spirit   .   f - +0 robe
rPois    .         Reflect  .   (helmet restricted)
rElec    .         Harm     .   (no cloak)
rCorr    +                      (no gloves)
MR       .....                  (boots unavailable)
Stlth    ++........             (no amulet)
HPRegen  0.08/turn              c - ring of resist corrosion
MPRegen  0.11/turn              (no ring)

@: no status effects
A: beak, talons 3
a: Renounce Religion


You were on level 3 of the Dungeon.
You worshipped Sif Muna.
Sif Muna was noncommittal.
You visited 1 branch of the dungeon, and saw 3 of its levels.

You collected 51 gold pieces.

Inventory:

Hand Weapons
 a - a +4 dagger (weapon)
 b - a +0 hunting sling
Missiles
 h - a throwing net (quivered)
 k - a curare-tipped dart
 m - 68 stones
Armour
 f - a +0 robe (worn)
Jewellery
 c - a ring of resist corrosion (left hand)
Scrolls
 i - a scroll of teleportation
Potions
 d - 4 potions of curing
 e - a potion of flight
 g - a potion of heal wounds {unknown}
 j - a potion of invisibility {unknown}


   Skills:
 + Level 1.3 Fighting
 * Level 3.5 Dodging
 - Level 2.0 Stealth
 + Level 2.5 Spellcasting
 - Level 0.7 Transmutations
 * Level 3.9 Poison Magic


You had 2 spell levels left.
You knew the following spells:

 Your Spells              Type           Power        Failure   Level
a - Sting                 Tmut/Pois      #...         8%          1
b - Poisonous Vapours     Pois/Air       #.....       13%         2
c - Mephitic Cloud        Conj/Pois/Air  #.......     34%         3

Your spell library contained the following spells:

 Spells                   Type           Power        Failure   Level
 Ignite Poison            Fire/Tmut/Pois #.......     30%         3
 Olgreb's Toxic Radiance  Pois           ##......     36%         4


Dungeon Overview and Level Annotations

Branches:
Dungeon (3/15)

Altars:
Sif Muna


Innate Abilities, Weirdness & Mutations

You have a beak for a mouth.
You have claws for feet.


Message History

Confirm with . or Enter, or press ? or * to list all spells.
Aiming: Sting (safe; 8% risk of failure)
Press: ? - help, Shift-Dir - straight line, f/p - orc
Aim: an orc, wielding a +1 mace of protection and quivering 34 stones (severely wounded)
The sting hits the orc but does no damage.
The orc is poisoned.
The orc is severely wounded.
The orc throws a stone.
The stone hits you but does no damage.
Casting: Sting (safe; 8% risk of failure)
Confirm with . or Enter, or press ? or * to list all spells.
You don't have enough magic to cast that spell.
Unknown command.
The orc hits you with a +1 mace of protection!
* * * LOW HITPOINT WARNING * * *
Found 2 boomerangs.
You hit the orc but do no damage. You claw the orc, but do no damage.
Your peck misses the orc.
The orc is severely wounded.
The orc hits you with a +1 mace of protection!
You die...

#.# #.#. ..# #..
##.#. #.# #.# ....
#.# #.# .# #... #.#
#.# ...#... #.# #.#
#.)... #.# #.#
#'...#####.# #)#
#..$@(((..#########.#
#..o#####...........#
#'..( #.#######...#
#..### #.# #.### ...
#.# #.# ## #.# #.#
#.# #.# #.# #.# #.#
#.#


You could see an orc (poisoned).

Vanquished Creatures
  A gnoll (D:1)
  3 adders (D:3)
  An ooze (D:1)
  A dart slug (D:3)
  A leopard gecko (D:2)
  An orc (D:3)
  A ball python (D:3)
  6 bats
  4 giant cockroaches (D:3)
  5 goblins
  5 hobgoblins
  2 jackals (D:2)
  6 kobolds
  2 quokkas (D:2)
  6 frilled lizards
  7 rats
52 creatures vanquished.

Notes
Turn   | Place    | Note
-------+----------+-------------------------------------------
     0 | D:1      | MrRokkomies the Tengu Venom Mage began the quest for the
                  | Orb.
     0 | D:1      | Reached XP level 1. HP: 10/10 MP: 4/4
   354 | D:1      | Reached XP level 2. HP: 15/15 MP: 6/6
   365 | D:1      | Learned a level 2 spell: Poisonous Vapours
   853 | D:1      | Reached XP level 3. HP: 18/20 MP: 7/7
  1513 | D:2      | Learned a level 3 spell: Mephitic Cloud
  1681 | D:2      | Reached skill level 1 in Fighting
  2057 | D:2      | Found a shimmering blue altar of Sif Muna.
  2060 | D:2      | Became a worshipper of Sif Muna the Loreminder
  2340 | D:3      | Reached XP level 4. HP: 25/25 MP: 8/8
  2589 | D:3      | Found a faded altar of an unknown god.
  2949 | D:3      | Slain by an orc

Illustrated notes

Levels and vault maps discovered:
D:1:      saegor_arrival_simple_b, layout_basic
D:2:      layout_rooms, overflow_temple_1_default
D:3:      layout_loops_ring, elyvilon_altar_5, gup_sewer_entry_bowl,
          chequers_ecumenical_altar_grove

Skill      XL: |  1  2  3 |
---------------+----------+-----
Dodging        | 3 |  3.5
Fighting       | 1 |  1.3
Stealth        | |  2.0
Spellcasting   | |  2.5
Transmutations | |  0.7
Poison Magic   | |  3.9

Action                   |  1- 3 |  4- 6 || total
-------------------------+-------+-------++-------
Melee: Dagger            |    29 |    31 ||    60
       Unarmed           |     3 |       ||     3
       Kick              |    14 |     7 ||    21
       Peck              |     6 |     4 ||    10
       Spear             |    67 |       ||    67
 Cast: Sting             |    20 |    15 ||    35
       Poisonous Vapours |       |     3 ||     3
  Use: Scroll            |     8 |       ||     8
 Stab: Sleeping          |     6 |     1 ||     7
Armor: Robe              |    17 |    14 ||    31
Dodge: Dodged            |    69 |    32 ||   101

Table legend: (Time is in decaauts)
 A = Elapsed time spent in this place.
 B = Non-inter-level travel time spent in this place.
 C = Inter-level travel time spent in this place.
 D = Time resting spent in this place.
 E = Time spent auto-exploring this place.
 F = Levels seen in this place.
 G = Mean time per level.
                   A        B        C        D        E       F      G
               +--------+--------+--------+--------+--------+-----+--------+
         Total |   2955 |   2913 |     42 |    521 |   1930 |   3 |  985.0 |
       Dungeon |   2955 |   2913 |     42 |    521 |   1930 |   3 |  985.0 |
               +--------+--------+--------+--------+--------+-----+--------+

Top non-repeatable levels by time:
     D:1: 1466 daAuts
     D:2: 846 daAuts
     D:3: 642 daAuts
